 Dungeon Crawl Stone Soup version 0.27-a0-550-ge92ec0ca06 (webtiles) character file.

Game seed: 6135078493714320607

4738 jestyr24 the Blocker (level 10, -2/80 (82) HPs)
             Began as a Gnoll Fighter on Mar 8, 2021.
             Was a Believer of Okawaru.
             Killed from afar by Fannar (21 damage)
             ... with a bolt of cold
             ... on level 10 of the Dungeon.
             The game lasted 00:28:50 (6916 turns).

jestyr24 the Blocker (Gnoll Fighter)                Turns: 6916, Time: 00:28:51

HP:   -2/80 (82)    AC: 22    Str: 17 (19) XL:     10   Next: 46%
MP:   17/17         EV: 10    Int:  5 (8)  God:    Okawaru [**....]
Gold: 939           SH: 10    Dex: 10 (11) Spells: 19/19 levels left

rFire    . . .     SeeInvis .   G - +7 long sword
rCold    . . .     Faith    .   c - +0 kite shield
rNeg     . . .     Spirit   .   K - +3 scale mail of Difomul {Will+}
rPois    .         Reflect  .   F - +1 helmet
rElec    .         Harm     .   (no cloak)
rCorr    .         Rampage  .   o - +2 pair of gloves
Will     ++...                  y - +0 pair of boots
Stlth    +.........             l - amulet of regeneration
HPRegen  1.23/turn              r - ring of willpower
MPRegen  0.15/turn              w - +4 ring of protection

@: lightly drained
A: fangs 1, strong nose, distributed training
a: Renounce Religion, Heroism


You were on level 10 of the Dungeon.
You worshipped Okawaru.
Okawaru was pleased with you.
You visited 2 branches of the dungeon, and saw 11 of its levels.

You collected 939 gold pieces.

Inventory:

Hand Weapons
 a - a +0 war axe
 x - a +1 flail of protection
 A - a +0 great sword
 C - a +4 hand axe
 G - a +7 long sword (weapon)
 H - a +0 vampiric battleaxe
Missiles
 j - 16 poisoned darts
 u - 5 javelins
Armour
 c - a +0 kite shield (worn)
 o - a +2 pair of gloves (worn)
 y - a +0 pair of boots (worn)
 F - a +1 helmet (worn)
 K - the +3 scale mail of Difomul (worn) {Will+}
   (You found it on level 8 of the Dungeon)

   It affects your willpower, your defense against some magical effects.
Jewellery
 k - a ring of see invisible
 l - an amulet of regeneration (around neck)
 r - a ring of willpower (left hand)
 s - a ring of protection from cold
 w - a +4 ring of protection (right hand)
 M - an amulet of guardian spirit
Wands
 q - a wand of random effects (19)
 t - a wand of polymorph (15)
 B - a wand of flame (28)
Scrolls
 e - 4 scrolls of blinking
 f - 8 scrolls of teleportation
 h - 13 scrolls of identify
 i - 2 scrolls of enchant weapon
 n - a scroll of fog
 p - 2 scrolls of amnesia
Potions
 b - 2 potions of heal wounds
 d - a potion of might
 m - 3 potions of curing
 v - a potion of berserk rage
 E - 2 potions of magic
Miscellaneous
 g - a tin of tremorstones (1/2)


   Skills:
 + Level 8.5 Fighting
 + Level 5.3 Short Blades
 + Level 5.3 Long Blades
 + Level 7.1 Axes
 + Level 5.3 Maces & Flails
 + Level 5.3 Polearms
 + Level 5.3 Staves
 + Level 5.3 Slings
 + Level 5.3 Bows
 + Level 5.3 Crossbows
 + Level 5.3 Throwing
 + Level 8.5 Armour
 + Level 5.3 Dodging
 + Level 5.3 Stealth
 + Level 8.5 Shields
 + Level 5.3 Unarmed Combat
 + Level 5.3 Spellcasting
 + Level 4.3 Conjurations
 + Level 4.3 Hexes
 + Level 4.3 Summonings
 + Level 4.3 Necromancy
 + Level 4.3 Translocations
 + Level 4.3 Transmutations
 + Level 4.3 Fire Magic
 + Level 4.3 Ice Magic
 + Level 4.3 Air Magic
 + Level 4.3 Earth Magic
 + Level 4.3 Poison Magic
 + Level 5.8 Invocations
 + Level 5.3 Evocations


You had 19 spell levels left.
You didn't know any spells.
Your spell library contained the following spells:

 Spells                   Type           Power      Damage    Failure   Level
 Corona                   Hex            5%         N/A       34%         1
 Slow                     Hex            5%         N/A       45%         2
 Inner Flame              Hex/Fire       5%         N/A       71%         3
 Portal Projectile        Hex/Tloc       10%        N/A       71%         3
 Cause Fear               Hex            2%         N/A       98%         4
 Leda's Liquefaction      Hex/Erth       2%         N/A       98%         4


Dungeon Overview and Level Annotations

Branches:
Dungeon (10/15)            Temple (1/1) D:6
   Lair: D:8-11         Orc: D:9-12

Altars:
Ashenzari
Cheibriados
Dithmenos
Elyvilon
Fedhas
Gozag
Hepliaklqana
Kikubaaqudgha
Makhleb
Nemelex Xobeh
Okawaru
Qazlal
Ru
Sif Muna
Trog
Uskayaw
Vehumet
Wu Jian
Xom
Yredelemnul
Zin
The Shining One

Shops:
D:8 (

Annotations:
D:10 Fannar


Innate Abilities, Weirdness & Mutations

You have very sharp teeth.
Your uncanny sense of smell can sniff out nearby items.
Your experience applies equally to all skills.


Message History

You closely miss the ice beast. You block the wight's attack.
The ice beast hits you but does no damage.
The wight hits you from afar with a +1 halberd.
You feel drained.
You hit the ice beast.
The ice beast is lightly wounded.
The ice beast completely misses you. The wight closely misses you.
You closely miss the ice beast.
You bite the ice beast, but do no damage.
The ice beast is lightly wounded.
The ice beast hits you but does no damage.
Fannar casts a spell.
Fannar drains the heat from the surrounding environment!
You feel very cold.
* * * LOW HITPOINT WARNING * * *
The wight is frozen.
The wight resists.
The wight is destroyed!
Aiming: Mindburst
Press: ? - help, Q - select action, (/) - cycle Shift-Dir - straight line, f/p - Fannar
Aim: Fannar, wielding a staff of cold and wearing a +1 robe of cold resistance (almost dead, covered in an icy film, chance to affect: 34%)
The ice beast barely resists.
The ice beast hits you but does no damage.
Aiming: Mindburst
Press: ? - help, Q - select action, (/) - cycle Shift-Dir - straight line, f/p - Fannar
Aim: Fannar, wielding a staff of cold and wearing a +1 robe of cold resistance (almost dead, covered in an icy film, chance to affect: 34%)
The ice beast's mind is blasted!!
You blow up the ice beast!
You closely miss Fannar.
Fannar is almost dead.
Fannar mumbles some strange words.
Fannar blinks!
You start resting.
An ice beast comes into view.
Aiming: Mindburst
Press: ? - help, Q - select action, (/) - cycle Shift-Dir - straight line, f - ice beast
Aim: an ice beast (summoned, chance to affect: 83%)
The ice beast's mind is blasted!!
The now-empty wand crumbles to dust.
Fannar gestures at you while chanting. The bolt of cold hits you!!
You die...

********** *.......,*
########### *...(...,* *
#.........###.......,* ***
#...........#.......,*****,+
#.........#.#.......,,,,,,,*
#.........#.#..e....,*******
#.........#.#..Y....,* *
#...>..†..#@))......,* *
##.##########..$....,* *
#.### *#.#####** * #...#
*..#* * ###.# **..#
######'#### **#.#***
#.........#*** *,,.(,,*
#§§§§.....+,,***,,,..,* **
#§§§§.....#*,,**,,,,,,*****
*,


You could see Fannar (icy armour) and an ice beast (summoned).

Vanquished Creatures
  The ghost of foci the Chopper, a novice GrFi of the Shining One (D:4)
  A troll (D:9)
  Grinder (D:3)
  Prince Ribbit (D:5)
  Grum (D:9)
  Menkaure (D:4)
  Duvessa (D:4)
  A water moccasin (D:8)
  An orc warrior (D:6)
  A black bear (D:8)
  2 sky beasts
  2 ice beasts
  An ogre (D:4)
  5 centaurs
  3 wolves (D:9)
  4 phantoms
  2 bullfrogs
  A scorpion (D:4)
  Dowan (D:4)
  6 killer bees (D:8)
  4 howler monkeys
  9 wights
  A quasit (D:8)
  2 hounds
  A bullfrog skeleton (D:4)
  5 jellies
  2 orc priests
  6 worker ants
  Ijyb (D:3)
  An iguana (D:5)
  4 orc wizards
  A howler monkey zombie (D:8)
  8 adders
  2 white imps
  2 ufetubi
  An ooze (D:3)
  An adder skeleton (D:5)
  5 worms
  A dart slug (D:3)
  6 leopard geckos
  25 orcs
  2 giant cockroaches
  9 goblins
  9 hobgoblins
  23 jackals
  A quokka (D:6)
  11 bats
  4 frilled lizards
  6 kobolds
  A leopard gecko skeleton (D:4)
  2 quokka zombies
  7 rats
200 creatures vanquished.

Vanquished Creatures (others)
  A wight (D:10)
  2 plants (D:9)
3 creatures vanquished.

Grand Total: 203 creatures vanquished

Notes
Turn   | Place    | Note
-------+----------+-------------------------------------------
     0 | D:1      | jestyr24 the Gnoll Fighter began the quest for the Orb.
     0 | D:1      | Reached XP level 1. HP: 23/23 MP: 1/1
   102 | D:1      | Reached XP level 2. HP: 28/29 MP: 2/2
   660 | D:2      | Reached XP level 3. HP: 34/35 MP: 3/3
   982 | D:2      | Reached skill level 1 in Invocations
  1109 | D:2      | Reached skill level 1 in Short Blades
  1109 | D:2      | Reached skill level 1 in Long Blades
  1109 | D:2      | Reached skill level 1 in Maces & Flails
  1109 | D:2      | Reached skill level 1 in Polearms
  1109 | D:2      | Reached skill level 1 in Staves
  1109 | D:2      | Reached skill level 1 in Slings
  1109 | D:2      | Reached skill level 1 in Bows
  1109 | D:2      | Reached skill level 1 in Crossbows
  1109 | D:2      | Reached skill level 1 in Throwing
  1109 | D:2      | Reached skill level 1 in Dodging
  1109 | D:2      | Reached skill level 1 in Stealth
  1109 | D:2      | Reached skill level 1 in Unarmed Combat
  1109 | D:2      | Reached skill level 1 in Spellcasting
  1109 | D:2      | Reached skill level 1 in Evocations
  1319 | D:2      | Reached XP level 4. HP: 41/41 MP: 5/5
  1592 | D:3      | Noticed Grinder
  1601 | D:3      | Paralysed by Grinder for 2 turns
  1615 | D:3      | Paralysed by Grinder for 5 turns
  1624 | D:3      | Paralysed by Grinder for 3 turns
  1627 | D:3      | Killed Grinder
  1628 | D:3      | Reached skill level 1 in Conjurations
  1628 | D:3      | Reached skill level 1 in Hexes
  1628 | D:3      | Reached skill level 1 in Summonings
  1628 | D:3      | Reached skill level 1 in Necromancy
  1628 | D:3      | Reached skill level 1 in Translocations
  1628 | D:3      | Reached skill level 1 in Transmutations
  1628 | D:3      | Reached skill level 1 in Fire Magic
  1628 | D:3      | Reached skill level 1 in Ice Magic
  1628 | D:3      | Reached skill level 1 in Air Magic
  1628 | D:3      | Reached skill level 1 in Earth Magic
  1628 | D:3      | Reached skill level 1 in Poison Magic
  1628 | D:3      | Reached XP level 5. HP: 31/47 MP: 5/7
  1628 | D:3      | Reached XP level 6. HP: 35/53 MP: 5/8
  1759 | D:3      | Noticed Ijyb
  1771 | D:3      | Killed Ijyb
  1772 | D:3      | Reached skill level 5 in Axes
  2037 | D:3      | Noticed a sky beast
  2058 | D:3      | Killed a sky beast
  2306 | D:4      | Reached XP level 7. HP: 59/59 MP: 10/10
  2316 | D:4      | Noticed Dowan
  2344 | D:4      | Noticed Duvessa
  2347 | D:4      | Killed Dowan
  2372 | D:4      | Killed Duvessa
  2539 | D:4      | Reached XP level 8. HP: 67/67 MP: 12/12
  2579 | D:4      | Found a transporter.
  2579 | D:4      | Noticed foci's ghost (novice GrFi)
  2587 | D:4      | Found a transporter.
  2615 | D:4      | Killed foci's ghost
  2876 | D:4      | Identified the +1 leather armour "Ucunk" {rN+ Regen+}
  2938 | D:4      | Noticed Menkaure
  2948 | D:4      | Killed Menkaure
  3155 | D:5      | Entered Level 5 of the Dungeon
  3210 | D:5      | Found a shimmering blue altar of Sif Muna.
  3559 | D:5      | Noticed Prince Ribbit
  3972 | D:5      | Killed Prince Ribbit
  3973 | D:5      | Reached XP level 9. HP: 63/73 MP: 14/14
  4353 | D:6      | Found a staircase to the Ecumenical Temple.
  4362 | Temple   | Entered the Ecumenical Temple
  4605 | Temple   | Became a worshipper of Warmaster Okawaru
  4766 | D:6      | HP: 2/69 [wight/+0 spear (5)]
  4940 | D:6      | You fall into a shaft and drop 1 floor!
  5393 | D:8      | Reached skill level 5 in Invocations
  5457 | D:8      | Found Lael Mang's Weapon Shoppe.
  5482 | D:8      | Reached * piety under Okawaru
  5641 | D:8      | Reached XP level 10. HP: 76/80 MP: 17/17
  5890 | D:8      | Reached skill level 5 in Short Blades
  5890 | D:8      | Reached skill level 5 in Long Blades
  5890 | D:8      | Reached skill level 5 in Maces & Flails
  5890 | D:8      | Reached skill level 5 in Polearms
  5890 | D:8      | Reached skill level 5 in Staves
  5890 | D:8      | Reached skill level 5 in Slings
  5890 | D:8      | Reached skill level 5 in Bows
  5890 | D:8      | Reached skill level 5 in Crossbows
  5890 | D:8      | Reached skill level 5 in Throwing
  5890 | D:8      | Reached skill level 5 in Dodging
  5890 | D:8      | Reached skill level 5 in Stealth
  5890 | D:8      | Reached skill level 5 in Unarmed Combat
  5890 | D:8      | Reached skill level 5 in Spellcasting
  5890 | D:8      | Reached skill level 5 in Evocations
  5930 | D:8      | Found a bloodstained altar of Trog.
  5942 | D:8      | Identified the +3 scale mail of Difomul {Will+}
  6335 | D:9      | Noticed Grum
  6336 | D:9      | Reached ** piety under Okawaru
  6339 | D:9      | Killed Grum
  6378 | D:9      | Found a stormy altar of Qazlal.
  6387 | D:9      | Found a blossoming altar of Fedhas.
  6689 | D:9      | Found a hide-covered altar of Uskayaw.
  6847 | D:10     | Entered Level 10 of the Dungeon
  6850 | D:10     | Identified the +3 short sword "Spiderbane" {drain, Int+4}
  6890 | D:10     | Noticed Fannar
  6916 | D:10     | Killed from afar by Fannar

Illustrated notes

Levels and vault maps discovered:
D:1:      lightli_molten_gateway, layout_basic, minmay_quantized
D:2:      minmay_wonky_spiral, layout_loops_corners, kennysheep_generic_room_16
D:3:      layout_basic, uniq_grinder, uniq_ijyb
D:4:      layout_loops_ring, gammafunk_ghost_arena, grunt_ministairs_1,
          uniq_duvessa, uniq_menkaure
D:5:      layout_cave_pods, led_sif_pool, uniq_prince_ribbit1
D:6:      layout_gridville, minmay_temple_entry_waves
D:7:      layout_rooms
D:8:      layout_loops_ring, lemuel_doored_altar, serial_shops,
          nicolae_shop_behind_doors
D:9:      layout_small_grid, kennysheep_mini, kennysheep_mini_moat,
          grunt_ministairs_14, fedhas_ov_isle_minmay, uniq_grum
D:10:     layout_roguey, uniq_fannar, uniq_josephine
Temple:   eino_narrow_crystal_temple

Skill      XL: |  1  2  3  4  5  6  7  8  9 10 |
---------------+-------------------------------+-----
Invocations    | 1 2 3 4 5 |  5.8
Short Blades   | 1 2 3 4 5 |  5.3
Long Blades    | 1 2 3 4 5 |  5.3
Maces & Flails | 1 2 3 4 5 |  5.3
Polearms       | 1 2 3 4 5 |  5.3
Staves         | 1 2 3 4 5 |  5.3
Slings         | 1 2 3 4 5 |  5.3
Bows           | 1 2 3 4 5 |  5.3
Crossbows      | 1 2 3 4 5 |  5.3
Throwing       | 1 2 3 4 5 |  5.3
Dodging        | 1 2 3 4 5 |  5.3
Stealth        | 1 2 3 4 5 |  5.3
Unarmed Combat | 1 2 3 4 5 |  5.3
Spellcasting   | 1 2 3 4 5 |  5.3
Evocations     | 1 2 3 4 5 |  5.3
Conjurations   | 1 2 3 4 |  4.3
Hexes          | 1 2 3 4 |  4.3
Summonings     | 1 2 3 4 |  4.3
Necromancy     | 1 2 3 4 |  4.3
Translocations | 1 2 3 4 |  4.3
Transmutations | 1 2 3 4 |  4.3
Fire Magic     | 1 2 3 4 |  4.3
Ice Magic      | 1 2 3 4 |  4.3
Air Magic      | 1 2 3 4 |  4.3
Earth Magic    | 1 2 3 4 |  4.3
Poison Magic   | 1 2 3 4 |  4.3
Axes           | 5 6 7 |  7.1
Fighting       | 7 8 |  8.5
Armour         | 7 8 |  8.5
Shields        | 7 8 |  8.5

Action                   |  1- 3 |  4- 6 |  7- 9 | 10-12 || total
-------------------------+-------+-------+-------+-------++-------
Melee: War axe           |    78 |   132 |   257 |       ||   467
       Bite              |     3 |    17 |    61 |    10 ||    91
       Hand axe          |       |       |   194 |       ||   194
       Long sword        |       |       |    33 |   122 ||   155
Throw: Javelin           |       |       |       |     1 ||     1
Evoke: Wand              |       |       |       |     7 ||     7
       Tin of tremorston |       |       |       |     1 ||     1
  Use: Potion            |       |       |     4 |     3 ||     7
       Scroll            |       |       |     2 |     8 ||    10
Armor: Chain mail        |    48 |    84 |   273 |    37 ||   442
       Scale mail        |     1 |       |       |    42 ||    43
Dodge: Dodged            |    30 |    42 |   156 |    57 ||   285
Block: Kite shield       |    64 |    84 |   293 |    75 ||   516
       Rpst.: Long sword |       |       |     2 |    14 ||    16

Table legend: (Time is in decaauts)
 A = Elapsed time spent in this place.
 B = Non-inter-level travel time spent in this place.
 C = Inter-level travel time spent in this place.
 D = Time resting spent in this place.
 E = Time spent auto-exploring this place.
 F = Levels seen in this place.
 G = Mean time per level.
                   A        B        C        D        E       F      G
               +--------+--------+--------+--------+--------+-----+--------+
         Total |   7151 |   6916 |    235 |    112 |   4672 |  11 |  650.1 |
       Dungeon |   6901 |   6725 |    176 |    112 |   4489 |  10 |  690.1 |
        Temple |    249 |    190 |     59 |      0 |    183 |   1 |  249.0 |
               +--------+--------+--------+--------+--------+-----+--------+

Top non-repeatable levels by time:
     D:2: 1034 daAuts
     D:8: 931 daAuts
     D:4: 915 daAuts
     D:5: 910 daAuts
     D:3: 786 daAuts
     D:6: 681 daAuts
     D:9: 584 daAuts
     D:1: 545 daAuts
     D:7: 439 daAuts
  Temple: 249 daAuts
    D:10: 72 daAuts
